 Dungeon Crawl Stone Soup version 0.32-a0-43-g058985b245 (webtiles) character file.

Game seed: 11934052611875247707

187 Ceno the Sneak (level 5, 0/28 HPs)
             Began as a Vampire Enchanter on Feb 4, 2024.
             Was an Initiate of Kikubaaqudgha.
             Slain by a gnoll
             ... wielding a +0 spear
              (5 damage)
             ... on level 2 of the Dungeon.
             The game lasted 00:08:08 (2670 turns).

Ceno the Sneak (Vampire Enchanter)                  Turns: 2670, Time: 00:08:08

Health: 0/28       AC:  3    Str:  7    XL:     5   Next: 39%
Magic:  9/11       EV: 12    Int: 20    God:    Kikubaaqudgha [......]
Gold:   98         SH:  0    Dex: 14    Spells: 4/12 levels left

rFire   + . .        a - +3 dagger of Destiny {flame, rElec}
rCold   + . .        (no shield)
rNeg    + + +        b - +0 robe
rPois   ∞            (no helmet)
rElec   +            (no cloak)
rCorr   .            g - +0 pair of gloves
SInv    +            (no boots)
Will    .....        (no amulet)
Stlth   +++++        f - ring of fire
HPRegen 0.00/turn    (no ring)
MPRegen 0.12/turn

%: no passive effects
@: bloodless, inhibited regen
A: bloodless, fangs 3, see invisible, vampiric 2
a: Bat Form, Revivify, Renounce Religion


You were on level 2 of the Dungeon.
You worshipped Kikubaaqudgha.
Kikubaaqudgha was noncommittal.
You visited 1 branch of the dungeon, and saw 2 of its levels.

You collected 98 gold pieces.

Inventory:

Hand Weapons
 a - the +3 dagger of Destiny (weapon) {flame, rElec}
   (You found it on level 2 of the Dungeon)

   rElec:     It insulates you from electricity.
Missiles
 e - 29 stones (quivered)
 j - a throwing net
Armour
 b - a +0 robe (worn)
 g - a +0 pair of gloves (worn)
Jewellery
 f - a ring of fire (left hand)
 h - an amulet of regeneration
Scrolls
 i - 2 scrolls of amnesia {unknown}
 k - a scroll of torment {unknown}
 m - 2 scrolls of identify {unknown}
Potions
 c - 2 potions of invisibility
 d - a potion of curing {unknown}
 l - a potion of cancellation {unknown}


   Skills:
 - Level 1.1 Short Blades
 - Level 2.1 Dodging
 + Level 6.0 Stealth
 - Level 4.0 Spellcasting
 + Level 5.8 Hexes


You had 4 spell levels left.
You knew the following spells:

 Your Spells              Type           Power      Damage    Failure   Level
a - Ensorcelled Hibernat  Hex/Ice        30%        N/A       6%          2
b - Confusing Touch       Hex            27%        N/A       3%          3
c - Tukima's Dance        Hex            27%        N/A       3%          3

Your spell library contained the following spells:

 Spells                   Type           Power      Damage    Failure   Level
 Dazzling Flash           Conj/Hex       30%        N/A       12%         3
 Hailstorm                Conj/Ice       4%         3d5       36%         3
 Summon Ice Beast         Ice/Summ       4%         N/A       36%         3
 Sculpt Simulacrum        Ice/Alch       2%         N/A       100%        6


Dungeon Overview and Level Annotations

Branches:
Dungeon (2/15)

Altars:
Gozag
Kikubaaqudgha
Sif Muna
Wu Jian

Shops:
D:2 *==::

Annotations:
D:2 exclusion: 2 gnolls, Sigmund


Innate Abilities, Weirdness & Mutations

You do not regenerate when monsters are visible.
You are frail without blood (-20% HP).
You can heal yourself when you bite living creatures.
You are immune to poison.
You have razor-sharp teeth.
You have supernaturally acute eyesight. (SInv)
You are afflicted with vampirism and can become a bat while bloodless.


Message History

You hit the gnoll but do no damage.
The gnoll appears confused.
The gnoll hits the ribbon worm.
You catch the helpless gnoll completely off-guard!
You bite the gnoll, and draw its blood!
You feel better.
You puncture the gnoll! You burn the gnoll.
You kill the gnoll!
Kikubaaqudgha accepts your kill.
The ribbon worm expels a string of sticky webbing.
The stream of webbing hits you but does no damage.
You are caught in a web!
Training target 4.0 for Spellcasting reached!
Your Spellcasting skill increases to level 4!
The web tears apart.
There is a fountain of clear blue water here.
The ribbon worm expels a string of sticky webbing.
The stream of webbing hits you but does no damage.
You are caught in a web!
There is a web here.
You struggle to detach yourself from the web.
You struggle to detach yourself from the web.
The web tears apart.
There is a fountain of clear blue water here.
The ribbon worm expels a string of sticky webbing.
The stream of webbing hits you but does no damage.
You are caught in a web!
There is a web here.
The web tears apart.
The gnoll attacks as it pursues you!
The gnoll hits you from afar with a +0 spear!
The gnoll hits you from afar with a +0 spear.
The gnoll attacks as it pursues you!
The gnoll hits you from afar with a +0 spear.
The gnoll attacks as it pursues you! The gnoll hits you but does no damage.
The gnoll attacks as it pursues you!
The gnoll hits you from afar with a +0 spear!
* * * LOW HITPOINT WARNING * * *
There is a stone staircase leading up here.
The gnoll hits you from afar with a +0 spear.
You die...
Kikubaaqudgha rasps: "You have failed me!
Welcome... oblivion!"

#.######)####.........#
#....†...........####.#
####.###.#######.# #.# #.# #.#
###.####.# #<# #.# #........#
#.# #.# ##.#.###### #.#
#.####....###### ## #.#
#<#......#.....# .# #.#
#.#.##...@####.#
.###.###.#.###.#.# #.#
..........># #.#g# #.#
.###...#.### #.#g# #.# .#
#.....#####.#.####.#### ##
#.............#.....∩.########
##.########.###.##.#.........#
#.# ###g###.##.#..######.# #.#
#......)......# #.#


You could see 2 gnolls.

Vanquished Creatures
  3 jellies (D:2)
  A gnoll (D:2)
  3 adders (D:2)
  A ribbon worm (D:2)
  4 ball pythons
  12 endoplasms
  A giant cockroach (D:2)
  6 goblins
  3 hobgoblins
  3 jackals (D:2)
  3 bats
  5 frilled lizards
  10 kobolds
  3 rats
58 creatures vanquished.

Vanquished Creatures (others)
  A dancing weapon (D:2)
1 creature vanquished.

Grand Total: 59 creatures vanquished

Notes
Turn   | Place    | Note
-------+----------+-------------------------------------------
     0 | D:1      | Ceno the Vampire Enchanter began the quest for the Orb.
     0 | D:1      | Reached XP level 1. HP: 13/13 MP: 3/3
    63 | D:1      | Found a faded altar of an unknown god.
   396 | D:1      | Reached XP level 2. HP: 11/19 MP: 5/5
   399 | D:1      | Learned a level 2 spell: Ensorcelled Hibernation
  1032 | D:2      | Identified the +3 dagger of Destiny {flame, rElec}
  1098 | D:2      | Reached skill level 5 in Stealth
  1098 | D:2      | Gained mutation: You are afflicted with vampirism and can
                  | become a bat while bloodless. [Vampire growth]
  1098 | D:2      | Reached XP level 3. HP: 19/19 MP: 7/7
  1121 | D:2      | Learned a level 3 spell: Confusing Touch
  1232 | D:2      | Found Huleof's Book Emporium.
  1437 | D:2      | Reached skill level 5 in Hexes
  1536 | D:2      | Found Kigg's Book Emporium.
  1905 | D:2      | Found an opulent altar of Gozag.
  1905 | D:2      | Found an ornate altar of the Wu Jian Council.
  1905 | D:2      | Found a shimmering blue altar of Sif Muna.
  1905 | D:2      | Found an ancient bone altar of Kikubaaqudgha.
  1908 | D:2      | Reached XP level 4. HP: 24/24 MP: 9/9
  2021 | D:2      | Reached XP level 5. HP: 16/28 MP: 6/10
  2086 | D:2      | Became a worshipper of Kikubaaqudgha
  2139 | D:2      | Found Quar's General Store.
  2139 | D:2      | Noticed Sigmund
  2164 | D:2      | Learned a level 3 spell: Tukima's Dance
  2225 | D:2      | Found Biarom's Jewellery Boutique.
  2262 | D:2      | Reached skill level 6 in Stealth
  2362 | D:2      | Found Taczemic's Jewellery Emporium.
  2670 | D:2      | Slain by a gnoll

Illustrated notes

Levels and vault maps discovered:
D:1:      lightli_arrival_flooded_house, layout_basic,
          shapermc_ecumenical_altar_mp_ritualfount, minmay_pentomino_w2
D:2:      cheibrodos_fertilizer, layout_loops_ring, serial_shops, shop, shop,
          shop, shop_fountains, shop, uniq_sigmund

Skill      XL: |  1  2  3  4  5 |
---------------+----------------+-----
Stealth        | 5 6 |  6.0
Spellcasting   | 3 4 |  4.0
Hexes          | 5 |  5.8
Short Blades   | |  1.1
Dodging        | |  2.1

Action                     |  1- 3 |  4- 6 || total
---------------------------+-------+-------++-------
  Melee: Dagger            |   102 |    33 ||   135
         Bite              |     9 |     1 ||    10
         Punch             |     1 |       ||     1
  Throw: Stone             |       |     3 ||     3
   Cast: Ensorcelled Hiber |    10 |     1 ||    11
         Confusing Touch   |     8 |     6 ||    14
         Tukima's Dance    |       |     1 ||     1
Ability: Exsanguinate      |     1 |       ||     1
   Stab: Sleeping          |    15 |     6 ||    21
         Confused          |     1 |     4 ||     5
 Armour: Robe              |    44 |    12 ||    56
  Dodge: Dodged            |    32 |    13 ||    45

Table legend: (Time is in decaauts)
 A = Elapsed time spent in this place.
 B = Non-inter-level travel time spent in this place.
 C = Inter-level travel time spent in this place.
 D = Time resting spent in this place.
 E = Time spent auto-exploring this place.
 F = Levels seen in this place.
 G = Mean time per level.
                   A        B        C        D        E       F      G
               +--------+--------+--------+--------+--------+-----+--------+
         Total |   2663 |   2560 |    103 |    130 |   1590 |   2 | 1331.5 |
       Dungeon |   2663 |   2560 |    103 |    130 |   1590 |   2 | 1331.5 |
               +--------+--------+--------+--------+--------+-----+--------+

Top non-repeatable levels by time:
     D:2: 1640 daAuts
     D:1: 1022 daAuts
